 Dungeon Crawl Stone Soup version 0.28-a0-1506-g3893175d92 (webtiles) character file.

Game seed: 13650109420983643372

147 oldriver the Ducker (level 5, -2/43 HPs)
             Began as a Gnoll Gladiator on Jan 14, 2022.
             Was an Initiate of Gozag.
             Slain by an orc warrior (6 damage)
             ... on level 3 of the Dungeon.
             The game lasted 00:03:59 (2374 turns).

oldriver the Ducker (Gnoll Gladiator)               Turns: 2374, Time: 00:04:00

Health: -2/43      AC: 12    Str: 16    XL:     5   Next: 29%
Magic:  7/7        EV: 15    Int:  7    God:    Gozag
Gold:   37         SH:  0    Dex: 17    Spells: 6/6 levels left

rFire   . . .      SeeInvis .   l - +7 whip "Baxenlegg" {protect, Dex+4}
rCold   . . .      Faith    .   (no shield)
rNeg    . . .      Spirit   .   b - +0 leather armour
rPois   .          Reflect  .   a - +1 helmet
rElec   .          Harm     .   (no cloak)
rCorr   .          Rampage  .   (no gloves)
Will    .....                   (no boots)
Stlth   ++........              (no amulet)
HPRegen 0.14/turn               i - ring of wizardry
MPRegen 0.10/turn               (no ring)

@: under a protective aura
A: fangs 1, strong nose, distributed training
a: Renounce Religion, Potion Petition, Call Merchant, Bribe Branch


You were on level 3 of the Dungeon.
You worshipped Gozag.
Gozag was noncommittal.
You visited 1 branch of the dungeon, and saw 3 of its levels.

You collected 58 gold pieces.
You paid 21 gold pieces to Gozag.

Inventory:

Hand Weapons
 l - the +7 whip "Baxenlegg" (weapon) {protect, Dex+4}
   (You found it on level 2 of the Dungeon)

   It grants its wielder temporary protection when it strikes (+7 to AC).
   Dex:       It affects your dexterity (+4).
 m - the +6 long sword of Reason {flame, rF+ Str+5 Dex-3}
   (You found it on level 2 of the Dungeon)

   It burns those it strikes, dealing additional fire damage.
   Big, fiery blades are also staple armaments of hydra-hunters.
   Str:       It affects your strength (+5).
   Dex:       It affects your dexterity (-3).
   rF:        It protects you from fire.
Missiles
 d - 2 throwing nets
 h - 26 stones (quivered)
Armour
 a - a +1 helmet (worn)
 b - a +0 leather armour (worn)
 e - a +0 chain mail
Jewellery
 i - a ring of wizardry (left hand)
 n - an amulet of magic regeneration
Scrolls
 c - a scroll of enchant weapon
 f - 2 scrolls of identify
 k - a scroll of acquirement {unknown}
Potions
 g - a potion of heal wounds
 j - a potion of attraction


   Skills:
 + Level 4.7 Fighting
 + Level 1.4 Short Blades
 + Level 6.7 Long Blades
 + Level 1.4 Axes
 + Level 1.4 Maces & Flails
 + Level 1.4 Polearms
 + Level 1.4 Staves
 + Level 1.4 Slings
 + Level 1.4 Bows
 + Level 1.4 Crossbows
 + Level 4.7 Throwing
 + Level 1.4 Armour
 + Level 6.7 Dodging
 + Level 1.4 Stealth
 + Level 1.4 Shields
 + Level 1.4 Unarmed Combat
 + Level 1.4 Spellcasting
 + Level 1.1 Conjurations
 + Level 1.1 Hexes
 + Level 1.1 Summonings
 + Level 1.1 Necromancy
 + Level 1.1 Translocations
 + Level 1.1 Transmutations
 + Level 1.1 Fire Magic
 + Level 1.1 Ice Magic
 + Level 1.1 Air Magic
 + Level 1.1 Earth Magic
 + Level 1.1 Poison Magic
 + Level 1.6 Invocations
 + Level 1.4 Evocations


You had 6 spell levels left.
You didn't know any spells.
Your spell library was empty.

Dungeon Overview and Level Annotations

Branches:
Dungeon (3/15)

Altars:
Gozag
Zin

Shops:
D:2 !


Innate Abilities, Weirdness & Mutations

You have very sharp teeth.
Your uncanny sense of smell can sniff out nearby items.
Your experience applies equally to all skills.


Message History

The orc warrior is moderately wounded.
The orc warrior hits you but does no damage.
You whack the orc warrior! Your bite misses the orc warrior.
The orc warrior is heavily wounded.
The orc warrior barely misses you.
You hit the orc warrior.
The orc warrior is heavily wounded.
The orc warrior misses you.
You closely miss the orc warrior.
The orc warrior is heavily wounded.
The orc warrior completely misses you.
You barely miss the orc warrior.
The orc warrior is heavily wounded.
The orc warrior barely misses you.
You barely miss the orc warrior.
The orc warrior is heavily wounded.
The orc warrior barely misses you.
You hit the orc warrior.
The orc warrior is severely wounded.
The orc warrior hits you with a +0 short sword!
You whack the orc warrior!
The orc warrior is almost dead.
The orc warrior hits you with a +0 short sword.
* * * LOW HITPOINT WARNING * * *
You barely miss the orc warrior.
The orc warrior is almost dead.
The orc warrior hits you but does no damage.
You barely miss the orc warrior.
The orc warrior is almost dead.
The river rat twitches its whiskers.
The orc warrior barely misses you.
You barely miss the orc warrior.
The orc warrior is almost dead.
The orc warrior hits you with a +0 short sword!
* * * LOW HITPOINT WARNING * * *
You hit the orc warrior but do no damage.
The orc warrior is almost dead.
The orc warrior hits you with a +0 short sword.
You die...
Your body crumbles into a pile of gold.

#...........
###.###[.##.
###.# .## #...#
## #..###.#
#..#...#
##....#
#########...###
...rgoo@.....#
##########...#
#...... #######


You could see an orc warrior, a river rat, an orc and a goblin.

Vanquished Creatures
  7 adders
  3 worms
  4 dart slugs
  2 orcs (D:3)
  4 ball pythons
  5 bats
  7 endoplasms
  5 giant cockroaches
  2 hobgoblins
  2 quokkas
  5 frilled lizards
  6 goblins
  6 kobolds
  9 rats
67 creatures vanquished.

Vanquished Creatures (others)
  2 fungi (D:1)
  A plant (D:1)
3 creatures vanquished.

Grand Total: 70 creatures vanquished

Notes
Turn   | Place    | Note
-------+----------+-------------------------------------------
     0 | D:1      | oldriver the Gnoll Gladiator began the quest for the Orb.
     0 | D:1      | Reached XP level 1. HP: 20/20 MP: 1/1
   125 | D:1      | Reached XP level 2. HP: 24/26 MP: 2/2
   242 | D:1      | Found a faded altar of an unknown god.
   535 | D:1      | Reached XP level 3. HP: 29/31 MP: 3/3
  1189 | D:2      | Identified the +7 whip "Baxenlegg" {protect, Dex+4}
  1206 | D:2      | Reached skill level 1 in Invocations
  1333 | D:2      | Reached skill level 1 in Short Blades
  1333 | D:2      | Reached skill level 1 in Axes
  1333 | D:2      | Reached skill level 1 in Maces & Flails
  1333 | D:2      | Reached skill level 1 in Polearms
  1333 | D:2      | Reached skill level 1 in Staves
  1333 | D:2      | Reached skill level 1 in Slings
  1333 | D:2      | Reached skill level 1 in Bows
  1333 | D:2      | Reached skill level 1 in Crossbows
  1333 | D:2      | Reached skill level 1 in Armour
  1333 | D:2      | Reached skill level 1 in Stealth
  1333 | D:2      | Reached skill level 1 in Shields
  1333 | D:2      | Reached skill level 1 in Unarmed Combat
  1333 | D:2      | Reached skill level 1 in Spellcasting
  1333 | D:2      | Reached skill level 1 in Evocations
  1474 | D:2      | Reached XP level 4. HP: 38/38 MP: 5/5
  1496 | D:2      | Identified the +6 long sword of Reason {flame, rF+ Str+5
                  | Dex-3}
  1574 | D:2      | Found Nucwora's Distillery.
  1942 | D:3      | Found a glowing silver altar of Zin.
  1988 | D:3      | Reached skill level 1 in Conjurations
  1988 | D:3      | Reached skill level 1 in Hexes
  1988 | D:3      | Reached skill level 1 in Summonings
  1988 | D:3      | Reached skill level 1 in Necromancy
  1988 | D:3      | Reached skill level 1 in Translocations
  1988 | D:3      | Reached skill level 1 in Transmutations
  1988 | D:3      | Reached skill level 1 in Fire Magic
  1988 | D:3      | Reached skill level 1 in Ice Magic
  1988 | D:3      | Reached skill level 1 in Air Magic
  1988 | D:3      | Reached skill level 1 in Earth Magic
  1988 | D:3      | Reached skill level 1 in Poison Magic
  2194 | D:3      | Reached XP level 5. HP: 30/43 MP: 6/6
  2277 | D:3      | Found an opulent altar of Gozag.
  2285 | D:3      | Became a worshipper of Gozag Ym Sagoz the Greedy
  2350 | D:3      | Noticed an orc warrior
  2374 | D:3      | Slain by an orc warrior

Illustrated notes

Levels and vault maps discovered:
D:1:      dpeg_arrival_radiant, layout_loops_ring,
          shapermc_ecumenical_altar_hornbeckon, minmay_misc_feat_roman,
          kennysheep_pointless_box, corner_web_ring
D:2:      layout_loops_corners, serial_shops, shop
D:3:      layout_rooms, overflow_temple_1_default, zin_scriptorium,
          portal_sewer_entry_b, chequers_jeans

Skill      XL: |  1  2  3  4 |
---------------+-------------+-----
Invocations    | 1 |  1.6
Short Blades   | 1 |  1.4
Axes           | 1 |  1.4
Maces & Flails | 1 |  1.4
Polearms       | 1 |  1.4
Staves         | 1 |  1.4
Slings         | 1 |  1.4
Bows           | 1 |  1.4
Crossbows      | 1 |  1.4
Armour         | 1 |  1.4
Stealth        | 1 |  1.4
Shields        | 1 |  1.4
Unarmed Combat | 1 |  1.4
Spellcasting   | 1 |  1.4
Evocations     | 1 |  1.4
Conjurations   | 1 |  1.1
Hexes          | 1 |  1.1
Summonings     | 1 |  1.1
Necromancy     | 1 |  1.1
Translocations | 1 |  1.1
Transmutations | 1 |  1.1
Fire Magic     | 1 |  1.1
Ice Magic      | 1 |  1.1
Air Magic      | 1 |  1.1
Earth Magic    | 1 |  1.1
Poison Magic   | 1 |  1.1
Fighting       | |  4.7
Long Blades    | |  6.7
Throwing       | |  4.7
Dodging        | |  6.7

Action                   |  1- 3 |  4- 6 || total
-------------------------+-------+-------++-------
Melee: Long sword        |    91 |       ||    91
       Bite              |    11 |     7 ||    18
       Whip              |    19 |    94 ||   113
       Punch             |       |     1 ||     1
Throw: Throwing net      |     2 |       ||     2
  Use: Scroll            |       |     3 ||     3
       Potion            |       |     2 ||     2
 Stab: Sleeping          |     2 |     2 ||     4
       Distracted        |       |     1 ||     1
Armor: Leather armour    |    35 |    25 ||    60
Dodge: Dodged            |    80 |    87 ||   167

Table legend: (Time is in decaauts)
 A = Elapsed time spent in this place.
 B = Non-inter-level travel time spent in this place.
 C = Inter-level travel time spent in this place.
 D = Time resting spent in this place.
 E = Time spent auto-exploring this place.
 F = Levels seen in this place.
 G = Mean time per level.
                   A        B        C        D        E       F      G
               +--------+--------+--------+--------+--------+-----+--------+
         Total |   2389 |   2309 |     80 |      0 |   1516 |   3 |  796.3 |
       Dungeon |   2389 |   2309 |     80 |      0 |   1516 |   3 |  796.3 |
               +--------+--------+--------+--------+--------+-----+--------+

Top non-repeatable levels by time:
     D:1: 1048 daAuts
     D:2: 935 daAuts
     D:3: 405 daAuts
